 Dungeon Crawl Stone Soup version 0.30-a0-341-g682706514a (webtiles) character file.

Game seed: 8341626931890123404

31 Alacron the Cudgeller (level 3, -1/23 HPs)
             Began as a Meteoran Cinder Acolyte on Nov 1, 2022.
             Was a High Priest of Ignis.
             Slain by an adder (4 damage)
             ... on level 2 of the Dungeon.
             The game lasted 00:03:47 (639 turns).

Alacron the Cudgeller (Meteoran Cinder Acolyte)      Turns: 639, Time: 00:03:48

Health: -1/23      AC:  2    Str: 17    XL:     3   Next: 61%
Magic:  6/6        EV: 11    Int: 15    God:    Ignis [*****.]
Gold:   47         SH:  0    Dex: 10    Spells: 4/4 levels left

rFire   + . .      SeeInvis .    a - -1 mace (flame)
rCold   . . .      Faith    .    (no shield)
rNeg    . . .      Spirit   .    b - +0 robe
rPois   .          Reflect  .    (no helmet)
rElec   .          Harm     .    (no cloak)
rCorr   .          Rampage  .    (no gloves)
Will    .....                    (no boots)
Stlth   +.........               (no amulet)
HPRegen 0.23/turn                (no ring)
MPRegen 0.10/turn                (no ring)

@: lethally poisoned (-1 -> -6), glowing
A: sense surroundings 1, otherworldly, glowing, explore regen
a: Renounce Religion, Fiery Armour, Foxfire Swarm, Rising Flame


You were on level 2 of the Dungeon.
You worshipped Ignis.
Ignis was extremely pleased with you.
You visited 1 branch of the dungeon, and saw 2 of its levels.

You collected 47 gold pieces.

Inventory:

Hand Weapons
 a - a -1 mace of flaming (weapon)
Armour
 b - a +0 robe (worn)
Scrolls
 c - a scroll of identify {unknown}
 d - a scroll of acquirement {unknown}
 g - a scroll of poison {unknown}
Potions
 e - 2 potions of berserk rage {unknown}
 f - a potion of degeneration {unknown}
 h - a potion of curing {unknown}


   Skills:
 - Level 3.5 Fighting
 + Level 5.1 Maces & Flails
 * Level 0.5 Armour
 - Level 1.3 Spellcasting
 - Level 3.9 Fire Magic


You had 4 spell levels left.
You didn't know any spells.
Your spell library contained the following spells:

 Spells                   Type           Power      Damage    Failure   Level
 Scorch                   Fire           24%        2d6       7%          2
 Inner Flame              Hex/Fire       6%         N/A       32%         3
 Cause Fear               Hex            0%         N/A       93%         4
 Discord                  Hex            0%         N/A       100%        8


Dungeon Overview and Level Annotations

Branches:
Dungeon (2/15) Zot: 749

Altars:

Shops:
D:1 *(


Innate Abilities, Weirdness & Mutations

You passively map a small area around you.
You are easily found by Zot.
You glow in the dark.
You regain HP and MP as you explore.


Message History

Where to? (Enter - D:1 @ (x,y), ? - help)
Okay, then.
(D) Dungeon
Where to? (Enter - D:1 @ (x,y), ? - help)
You see here a +0 chain mail.
Zot has nearly found you.
Suffering is imminent.
Descend or flee this branch!
(D) Dungeon
Where to? (Enter - D:2, ? - help) Zot's power touches on you...
(D) Dungeon
Where to? (Enter - D:2, ? - help)
There is a stone staircase leading down here.
You climb downwards.
There is a stone staircase leading up here.
An adder comes into view.
The adder hisses angrily.
The adder bites you.
You are poisoned.
The adder poisons you!
You barely miss the adder.
You feel sick. The adder bites you.
You hit the adder but do no damage.
You feel sick. The adder bites you. The adder barely misses you.
You are too injured to fight recklessly!
You are too injured to fight recklessly!
You are too injured to fight recklessly!
You are too injured to fight recklessly!
You barely miss the adder.
You feel sick. The adder bites you.
You are lethally poisoned!
The adder poisons you!
You thump the adder! You burn the adder.
The adder is severely wounded.
* * * LOW HITPOINT WARNING * * *
You feel sick. The adder bites you.
* * * LOW HITPOINT WARNING * * *
The adder closely misses you.
You miss the adder.
The adder is severely wounded.
* * * LOW HITPOINT WARNING * * *
You feel sick. The adder bites you.
You die...

* * , * .# , *,
*,*### .# * *,*
, ..# .# * * #.#
.# # #.# .#
#.#####.##.#
#......#.#S# , ,
#.....###@.#
##.######..#.###
* #.....<.....#
#..######.### ,
#... * ###.# *
.# # * * *


You could see an adder.

Vanquished Creatures
  2 dart slugs (D:1)
  5 endoplasms (D:1)
  4 hobgoblins (D:1)
  3 jackals (D:1)
  A ball python (D:1)
  2 bats (D:1)
  4 kobolds (D:1)
  4 rats (D:1)
25 creatures vanquished.

Notes
Turn   | Place    | Note
-------+----------+-------------------------------------------
     0 | D:1      | Alacron the Meteoran Cinder Acolyte began the quest for the
                  | Orb.
     0 | D:1      | Reached XP level 1. HP: 19/19 MP: 3/3
    69 | D:1      | Found Giadil's General Store.
    72 | D:1      | Reached XP level 2. HP: 24/26 MP: 5/5
   171 | D:1      | Found Poruga's Weapon Shop.
   204 | D:1      | Reached XP level 3. HP: 24/31 MP: 6/6
   259 | D:1      | Reached skill level 5 in Maces & Flails
   489 | D:1      | Glimpsed the power of Zot.
   539 | D:1      | Glimpsed the power of Zot.
   579 | D:1      | Glimpsed the power of Zot.
   589 | D:1      | Touched by the power of Zot.
   639 | D:2      | Slain by an adder

Illustrated notes

Levels and vault maps discovered:
D:1:      wander_arrival_desolate, layout_basic, serial_shops, shop,
          nicolae_shop_stone
D:2:      cheibrodos_helix_gallery, layout_loops_ring,
          dreamdust_ecumenical_altar_angels_and_demons, basic_altar,
          minmay_split_cup_small

Skill      XL: |  1  2  3 |
---------------+----------+-----
Maces & Flails | 5 |  5.1
Fighting       | |  3.5
Armour         | |  0.5
Spellcasting   | |  1.3
Fire Magic     | |  3.9

Action                   || total
-------------------------++-------
Melee: Mace              ||    66
       Punch             ||     2
Armor: Robe              ||    29
Dodge: Dodged            ||    44

Table legend: (Time is in decaauts)
 A = Elapsed time spent in this place.
 B = Non-inter-level travel time spent in this place.
 C = Inter-level travel time spent in this place.
 D = Time resting spent in this place.
 E = Time spent auto-exploring this place.
 F = Levels seen in this place.
 G = Mean time per level.
                   A        B        C        D        E       F      G
               +--------+--------+--------+--------+--------+-----+--------+
         Total |    650 |    563 |     87 |      0 |    395 |   2 |  325.0 |
       Dungeon |    650 |    563 |     87 |      0 |    395 |   2 |  325.0 |
               +--------+--------+--------+--------+--------+-----+--------+

Top non-repeatable levels by time:
     D:1: 635 daAuts
     D:2: 14 daAuts
